Islander vs Canucks
Created - May 17, 2024 at 20:20
Goals
|
| Islander |
1 |
2 |
2 |
5 |
| Canucks |
0 |
2 |
1 |
3 |
|
Shots
|
| Islander |
6 |
15 |
13 |
34 |
| Canucks |
10 |
14 |
12 |
36 |
|
1st period
1. Islander , Jordan Greenway 2 (Oliver Kylington 4, Slater Koekkoek 6) at 3:48
Penalties :
Alexander Yelesin (BRI) for Hooking (Minor) at 3:54, Simon Benoit (BRI) for Holding (Minor) at 14:06
2nd period
2. Canucks , Juho Lammikko 1 (Tyler Graovac 1, Jean-Sebastien Dea 1) at 9:48
3. Canucks , Trevor Moore 1 (Juho Lammikko 2, Tyler Graovac 2) at 11:05
4. Islander , Joe Labate 3 (Jordan Greenway 4, Austin Watson 2) at 16:11 (PP)
5. Islander , Tyrell Goulbourne 2 (Alexander Yelesin 1) at 17:55
Penalties :
Juuso Riikola (Abb) for Delaying the game (Minor) at 4:41, Ryan Lomberg (Abb) for High sticking (Minor) at 15:10, Mackenzie MacEachern (Abb) for Slashing (Minor) at 19:36
3rd period
6. Canucks , Phil Di Giuseppe 4 (Curtis Lazar 4) at 8:04
7. Islander , Filip Zadina 1 (Alexander Yelesin 2, Nick Blankenburg 1) at 10:55
8. Islander , Joe Labate 4 (Slater Koekkoek 7, Jordan Greenway 5) at 17:28 (PP)
Penalties :
Nicolas Petan (Abb) for Tripping (Minor) at 1:57, Adam Ollas-Mattsson (Abb) for Slashing (Minor) at 16:37
Goalie Stats
Ivan Fedotov (BRI), 33 saves from 36 shots - (0.917), W, 2-0-0, 60:00 minutes
Thatcher Demko (Abb), 29 saves from 34 shots - (0.853), L, 2-2-0, 60:00 minutes
Players Stats for Islander
Player Name G A P +/- PIM S H SB GA TA FO MP PP MP PK MP
------------------------------------------------------------------------------------
Alex Belzile 0 0 0 0 0 6 0 0 1 0 0/0 15:44 3:07 0:00
Alexander Yelesin 0 2 2 1 2 2 0 1 0 2 0/0 19:17 3:07 0:47
Austin Watson 0 1 1 -1 0 2 1 0 1 0 1/4 21:37 4:42 0:00
Ben Thomson 0 0 0 0 0 1 3 0 0 0 0/0 17:06 3:07 1:36
Brett Connolly 0 0 0 1 0 2 0 0 0 0 1/1 12:09 0:00 0:00
Connor Dewar 0 0 0 0 0 0 0 0 0 0 1/3 8:24 0:00 1:10
Filip Zadina 1 0 1 0 0 3 1 0 0 0 0/0 7:45 0:00 0:31
Garret Pilon 0 0 0 1 0 1 1 0 1 0 3/5 11:26 0:00 0:00
Jakub Galvas 0 0 0 0 0 0 1 0 0 0 0/0 11:21 0:00 0:55
Joe Labate 2 0 2 -1 0 3 2 0 1 0 9/35 23:30 4:42 1:52
Jordan Greenway 1 2 3 -1 0 3 0 0 2 0 2/3 23:29 4:42 1:51
Nick Blankenburg 0 1 1 1 0 0 1 1 0 0 0/0 20:12 3:07 1:42
Oliver Kylington 0 1 1 -1 0 2 2 2 1 1 0/0 29:19 4:42 2:14
Rhett Gardner 0 0 0 0 0 2 2 0 0 1 6/11 16:26 3:07 0:56
Ross Colton 0 0 0 0 0 2 2 0 0 0 0/0 6:47 0:00 0:00
Simon Benoit 0 0 0 0 2 0 1 1 0 0 0/0 10:40 0:00 0:02
Slater Koekkoek 0 2 2 -1 0 3 2 1 1 2 0/0 29:22 4:42 2:16
Tyrell Goulbourne 1 0 1 1 0 2 0 1 0 1 0/0 11:26 0:00 0:00
Players Stats for Canucks
Player Name G A P +/- PIM S H SB GA TA FO MP PP MP PK MP
------------------------------------------------------------------------------------
Adam Ollas-Mattsson 0 0 0 -1 2 1 3 2 0 1 0/0 25:46 1:39 4:24
Anton Zlobin 0 0 0 0 0 0 0 0 0 0 0/0 0:36 0:08 0:00
Charles Hudon 0 0 0 0 0 0 0 0 0 0 0/0 2:04 0:00 1:36
Curtis Lazar 0 1 1 1 0 0 1 0 2 0 0/0 14:42 1:48 0:00
Dan Renouf 0 0 0 -1 0 2 0 0 0 0 0/0 18:53 1:39 3:09
Daniel Zaar 0 0 0 0 0 7 4 0 1 1 3/3 20:16 2:02 0:00
Daniil Miromanov 0 0 0 2 0 0 1 0 0 0 0/0 11:37 0:00 0:00
Guillaume Brisebois 0 0 0 0 0 0 0 0 0 0 0/0 2:03 0:00 0:18
Jaret Anderson-Dolan 0 0 0 0 0 0 0 0 0 0 0/0 0:14 0:00 0:14
Jay O'Brien 0 0 0 0 0 0 0 0 0 0 0/0 0:00 0:00 0:00
Jean-Sebastien Dea 0 1 1 1 0 0 0 1 0 0 6/15 17:41 1:48 2:52
Juho Lammikko 1 1 2 -1 0 4 3 0 0 0 0/0 9:43 0:18 0:00
Juuso Riikola 0 0 0 0 2 3 2 3 0 0 0/0 18:21 2:19 1:19
Lane Pederson 0 0 0 0 0 2 2 0 1 0 1/2 9:40 0:00 1:50
Mackenzie MacEachern 0 0 0 0 2 2 2 0 1 0 0/0 7:42 0:00 0:06
Michael Joly 0 0 0 0 0 0 0 0 0 0 0/0 0:00 0:00 0:00
Nicolas Petan 0 0 0 0 2 2 1 2 1 1 28/39 24:12 2:02 3:50
Phil Di Giuseppe 1 0 1 1 0 2 1 0 0 1 0/0 15:39 1:48 0:57
Rasmus Asplund 0 0 0 0 0 0 0 0 0 0 0/0 0:00 0:00 0:00
Ryan Lomberg 0 0 0 0 2 2 3 0 0 1 0/0 24:20 2:00 4:13
Scott Harrington 0 0 0 -1 0 0 2 1 0 2 0/0 30:00 2:19 4:34
Trevor Moore 1 0 1 -1 0 2 0 0 1 0 0/0 8:57 0:00 0:00
Tyler Graovac 0 2 2 -1 0 4 2 0 0 0 1/3 8:57 0:00 0:00
William Lagesson 0 0 0 1 0 0 0 0 0 0 0/0 13:21 0:00 1:54
William Lockwood 0 0 0 0 0 3 0 0 0 1 0/0 7:22 0:00 0:00
3 Stars
1 - Joe Labate (BRI)
2 - Jordan Greenway (BRI)
3 - Tyrell Goulbourne (BRI)
Power Play
Islander - 2 on 5 Attempt(s) - 40.00%
Canucks - 0 on 2 Attempt(s) - 0.00%
Penalty Kill
Islander - 2 on 2 Attempt(s) - 100.00%
- Score 0 goal in Penalty Kill
Canucks - 3 on 5 Attempt(s) - 60.00%
- Score 0 goal in Penalty Kill
Team Stat
Islander - Hits : 19 - Faceoff Wins : 23 - Blocked Shots : 7 - Penalty Minutes : 4
Canucks - Hits : 27 - Faceoff Wins : 39 - Blocked Shots : 9 - Penalty Minutes : 10
Official
Referees : Reid Anderson and Wes McCauley
Linesman : Trent Knorr and Pierre Racicot
Game Notes
Juuso Riikola is injured at 1:46 of 3rd period (Bruised Left Arm)
4:10 of 3rd period - Canucks goal is going for a video replay. After video review, No Goal. The attacking player has interfered with a goalkeeper in his goal crease.
Finance
Level 1 -- Attendance: 2000 (100.00%) -- Ticket Income $140,000
Level 2 -- Attendance: 1000 (100.00%) -- Ticket Income $40,000
Total Attendance: 3000 (100.00%)
Total Ticket Income: $180,000
Other Income: $9,000
Total Income: $189,000
Islander
5 vs 5 Forward
Center Left Wing Right Wing Time % Phy DF OF
1 Joe Labate Jordan Greenway Austin Watson 40 1 2 2
2 Rhett Gardner Ben Thomson Alex Belzile 30 1 2 2
3 Garret Pilon Tyrell Goulbourne Brett Connolly 20 1 2 2
4 Connor Dewar Filip Zadina Ross Colton 10 1 2 2
5 vs 5 Defense
Defense Defense Time % Phy DF OF
1 Oliver Kylington Slater Koekkoek 40 1 2 2
2 Nick Blankenburg Alexander Yelesin 30 1 2 2
3 Jakub Galvas Simon Benoit 20 1 2 2
4 Oliver Kylington Slater Koekkoek 10 1 2 2
PowerPlay Forward
Center Left Wing Right Wing Time % Phy DF OF
1 Joe Labate Jordan Greenway Austin Watson 60 1 2 2
2 Rhett Gardner Ben Thomson Alex Belzile 40 1 2 2
PowerPlay Defense
Defense Defense Time % Phy DF OF
1 Oliver Kylington Slater Koekkoek 60 1 2 2
2 Nick Blankenburg Alexander Yelesin 40 1 2 2
Penalty Kill 4 Players Forward
Center Wing Time % Phy DF OF
1 Joe Labate Jordan Greenway 60 1 2 2
2 Rhett Gardner Ben Thomson 40 1 2 2
Penalty Kill 4 Players Defense
Defense Defense Time % Phy DF OF
1 Oliver Kylington Slater Koekkoek 60 1 2 2
2 Nick Blankenburg Alexander Yelesin 40 1 2 2
Penalty Kill - 3 Players Forward
Forward Time % Phy DF OF
1 Joe Labate 60 1 2 2
2 Rhett Gardner 40 1 2 2
Penalty Kill - 3 Players Defense
Defense Defense Time % Phy DF OF
1 Oliver Kylington Slater Koekkoek 60 1 2 2
2 Nick Blankenburg Alexander Yelesin 40 1 2 2
4 vs 4 Forward
Center Wing Time % Phy DF OF
1 Joe Labate Jordan Greenway 60 1 2 2
2 Rhett Gardner Ben Thomson 40 1 2 2
4 vs 4 Defense
Defense Defense Time % Phy DF OF
1 Oliver Kylington Slater Koekkoek 60 1 2 2
2 Nick Blankenburg Alexander Yelesin 40 1 2 2
Last Minutes Offensive
Center Left Wing Right Wing Defense Defense
Joe Labate Jordan Greenway Austin Watson Oliver Kylington Slater Koekkoek
Last Minutes Defensive
Center Left Wing Right Wing Defense Defense
Joe Labate Jordan Greenway Austin Watson Oliver Kylington Slater Koekkoek
Goaltenders
Starting : Ivan Fedotov
Backup : Sean Maguire
Extra Forwards
Normal : Joe Labate, Brett Connolly, Ross Colton - PP : Joe Labate, Brett Connolly - PK : Joe Labate
Extra Defensemen
Normal : Alexander Yelesin, Jakub Galvas, Simon Benoit - PP : Alexander Yelesin - PK : Alexander Yelesin, Jakub Galvas
Penalty Shots
Jordan Greenway, Ben Thomson, Austin Watson, Alex Belzile, Joe Labate
Custom OT Lines Forwards
Jordan Greenway, Ben Thomson, Austin Watson, Alex Belzile, Joe Labate, Brett Connolly, Ross Colton, Rhett Gardner, Tyrell Goulbourne, Garret Pilon
Custom OT Lines Defensemen
Oliver Kylington, Slater Koekkoek, Nick Blankenburg, Alexander Yelesin, Jakub Galvas
Scratches
Alex Steeves (Healthy), Pavel Kraskovsky (Bruised Left Shoulder Injury), Noah Cates (Healthy), Casey Staum (Healthy), Cole Koepke (Healthy)
Chris Driedger (Healthy)
Canucks
5 vs 5 Forward
Center Left Wing Right Wing Time % Phy DF OF
1 Nicolas Petan Ryan Lomberg Daniel Zaar 62 0 0 5
2 Jean-Sebastien Dea Phil Di Giuseppe Curtis Lazar 26 1 2 2
3 Tyler Graovac Trevor Moore Juho Lammikko 8 1 2 2
4 Lane Pederson Mackenzie MacEachern William Lockwood 4 1 2 2
5 vs 5 Defense
Defense Defense Time % Phy DF OF
1 Scott Harrington Juuso Riikola 57 1 2 2
2 Dan Renouf Adam Ollas-Mattsson 28 1 2 2
3 William Lagesson Daniil Miromanov 10 1 2 2
4 Scott Harrington Juuso Riikola 5 1 2 2
PowerPlay Forward
Center Left Wing Right Wing Time % Phy DF OF
1 Nicolas Petan Ryan Lomberg Daniel Zaar 70 0 0 5
2 Jean-Sebastien Dea Phil Di Giuseppe Curtis Lazar 30 0 0 5
PowerPlay Defense
Defense Defense Time % Phy DF OF
1 Scott Harrington Juuso Riikola 60 1 2 2
2 Dan Renouf Adam Ollas-Mattsson 40 1 2 2
Penalty Kill 4 Players Forward
Center Wing Time % Phy DF OF
1 Nicolas Petan Ryan Lomberg 60 1 2 2
2 Jean-Sebastien Dea Phil Di Giuseppe 40 1 2 2
Penalty Kill 4 Players Defense
Defense Defense Time % Phy DF OF
1 Scott Harrington Juuso Riikola 60 1 2 2
2 Dan Renouf Adam Ollas-Mattsson 40 1 2 2
Penalty Kill - 3 Players Forward
Forward Time % Phy DF OF
1 Nicolas Petan 60 1 2 2
2 Jean-Sebastien Dea 40 1 2 2
Penalty Kill - 3 Players Defense
Defense Defense Time % Phy DF OF
1 Scott Harrington Juuso Riikola 60 1 2 2
2 Dan Renouf Adam Ollas-Mattsson 40 1 2 2
4 vs 4 Forward
Center Wing Time % Phy DF OF
1 Nicolas Petan Ryan Lomberg 60 1 2 2
2 Jean-Sebastien Dea Phil Di Giuseppe 40 1 2 2
4 vs 4 Defense
Defense Defense Time % Phy DF OF
1 Scott Harrington Juuso Riikola 60 1 2 2
2 Dan Renouf Adam Ollas-Mattsson 40 1 2 2
Last Minutes Offensive
Center Left Wing Right Wing Defense Defense
Nicolas Petan Ryan Lomberg Daniel Zaar Scott Harrington Juuso Riikola
Last Minutes Defensive
Center Left Wing Right Wing Defense Defense
Nicolas Petan Ryan Lomberg Daniel Zaar Scott Harrington Juuso Riikola
Goaltenders
Starting : Thatcher Demko
Backup : Casey DeSmith
Extra Forwards
Normal : Jean-Sebastien Dea, Juho Lammikko, Phil Di Giuseppe - PP : Jean-Sebastien Dea, Juho Lammikko - PK : Jean-Sebastien Dea
Extra Defensemen
Normal : Adam Ollas-Mattsson, William Lagesson, Daniil Miromanov - PP : Adam Ollas-Mattsson - PK : Adam Ollas-Mattsson, William Lagesson
Penalty Shots
Daniel Zaar, Curtis Lazar, Ryan Lomberg, Nicolas Petan, Jean-Sebastien Dea
Custom OT Lines Forwards
Daniel Zaar, Curtis Lazar, Ryan Lomberg, Nicolas Petan, Jean-Sebastien Dea, Juho Lammikko, Phil Di Giuseppe, Trevor Moore, Mackenzie MacEachern, Tyler Graovac
Custom OT Lines Defensemen
Scott Harrington, Juuso Riikola, Dan Renouf, Adam Ollas-Mattsson, William Lagesson
Scratches
Brandon Saigeon (Healthy), Jack Rathbone (Healthy), Michael Kesselring (Healthy), Marek Langhamer (Healthy), Michael Dipietro (Healthy)
% Time on Ice - Islander
Lines # - Real PCT - Wanted PCT - Time Play
Normal Forward
1 - 37% - 40% - 17:51
2 - 26% - 30% - 12:23
3 - 24% - 20% - 11:26
4 - 14% - 10% - 6:33
Normal Defense
1 - 41% - 40% - 19:51
2 - 32% - 30% - 15:24
3 - 22% - 20% - 10:26
4 - 5% - 10% - 2:32
PP Forward
1 - 60% - 60% - 4:42
2 - 40% - 40% - 3:07
PP Defense
1 - 60% - 60% - 4:42
2 - 40% - 40% - 3:07
PK Forward
1 - 76% - 60% - 3:02
2 - 24% - 40% - 0:56
PK Defense
1 - 56% - 60% - 2:14
2 - 44% - 40% - 1:44
PK3 Forward
1 - 0% - 60%
2 - 0% - 40%
PK3 Defense
1 - 0% - 60%
2 - 0% - 40%
44 Forward
1 - 0% - 60%
2 - 0% - 40%
44 Defense
1 - 0% - 60%
2 - 0% - 40%
Last Minute Offensive - 0:00
Last Minute Defensive - 0:00
Total
Forward - 60:00
Defense - 60:00
|
% Time on Ice - Canucks
Lines # - Real PCT - Wanted PCT - Time Play
Normal Forward
1 - 39% - 62% - 19:00
2 - 27% - 26% - 12:54
3 - 19% - 8% - 8:57
4 - 15% - 4% - 7:22
Normal Defense
1 - 52% - 57% - 24:54
2 - 29% - 28% - 14:05
3 - 19% - 10% - 9:14
4 - 0% - 5% - 0:00
PP Forward
1 - 55% - 70% - 2:10
2 - 45% - 30% - 1:48
PP Defense
1 - 58% - 60% - 2:19
2 - 42% - 40% - 1:39
PK Forward
1 - 88% - 60% - 6:52
2 - 12% - 40% - 0:57
PK Defense
1 - 60% - 60% - 4:40
2 - 40% - 40% - 3:09
PK3 Forward
1 - 0% - 60%
2 - 0% - 40%
PK3 Defense
1 - 0% - 60%
2 - 0% - 40%
44 Forward
1 - 0% - 60%
2 - 0% - 40%
44 Defense
1 - 0% - 60%
2 - 0% - 40%
Last Minute Offensive - 0:00
Last Minute Defensive - 0:00
Total
Forward - 60:00
Defense - 60:00
|
Play-by-Play
1st period
0:01 of 1st period - Joe Labate wins face-off versus Nicolas Petan in neutral zone.
0:06 of 1st period - Snap shot by Austin Watson.
0:06 of 1st period - Shot Misses the Net.
0:36 of 1st period - Adam Ollas-Mattsson is hit by Ben Thomson and loses puck.
1:22 of 1st period - Jakub Galvas is hit by Scott Harrington and loses puck.
2:42 of 1st period - Daniil Miromanov is hit by Joe Labate and loses puck.
3:44 of 1st period - Slapshot by Slater Koekkoek.
3:44 of 1st period - Stopped by Thatcher Demko with a rebound.
3:46 of 1st period - Slapshot by Oliver Kylington.
3:46 of 1st period - Deflect By Adam Ollas-Mattsson.
3:46 of 1st period - Stopped by Thatcher Demko with a rebound.
3:48 of 1st period - Snap shot by Jordan Greenway.
3:48 of 1st period - Goal by Jordan Greenway - Islander : 1 - Canucks : 0.
3:49 of 1st period - Nicolas Petan wins face-off versus Joe Labate in neutral zone.
3:52 of 1st period - Snap shot by Ryan Lomberg.
3:52 of 1st period - Shot Misses the Net.
3:54 of 1st period - Minor Penalty to Alexander Yelesin for Hooking.
3:55 of 1st period - Nicolas Petan wins face-off versus Joe Labate in Islander zone.
4:02 of 1st period - Snap shot by Nicolas Petan.
4:02 of 1st period - Stopped by Ivan Fedotov with a rebound.
4:44 of 1st period - Nick Blankenburg is hit by Ryan Lomberg and loses puck.
5:11 of 1st period - Ben Thomson is hit by Adam Ollas-Mattsson and loses puck.
5:22 of 1st period - Scott Harrington is hit by Ben Thomson.
5:54 of 1st period - Penalty to Alexander Yelesin is over, Alexander Yelesin is back on ice.
6:33 of 1st period - Wrist shot by Tyler Graovac.
6:33 of 1st period - Stopped by Ivan Fedotov with a rebound.
7:04 of 1st period - Icing by Nick Blankenburg.
7:05 of 1st period - Jean-Sebastien Dea wins face-off versus Joe Labate in Islander zone.
7:26 of 1st period - Snap shot by Jordan Greenway.
7:26 of 1st period - Shot Misses the Net.
7:36 of 1st period - Snap shot by Tyrell Goulbourne.
7:36 of 1st period - Shot Misses the Net.
8:15 of 1st period - Icing by Oliver Kylington.
8:16 of 1st period - Nicolas Petan wins face-off versus Connor Dewar in Islander zone.
8:19 of 1st period - Snap shot by Daniel Zaar.
8:19 of 1st period - Stopped by Ivan Fedotov without a rebound.
8:20 of 1st period - Nicolas Petan wins face-off versus Joe Labate in Islander zone.
8:21 of 1st period - Snap shot by Daniel Zaar.
8:21 of 1st period - Stopped by Ivan Fedotov without a rebound.
8:22 of 1st period - Nicolas Petan wins face-off versus Joe Labate in Islander zone.
8:33 of 1st period - Ryan Lomberg is hit by Austin Watson and loses puck.
8:48 of 1st period - Slapshot by Rhett Gardner.
8:48 of 1st period - Deflect By Ben Thomson.
8:48 of 1st period - Stopped by Thatcher Demko without a rebound.
8:49 of 1st period - Rhett Gardner wins face-off versus Jean-Sebastien Dea in Canucks zone.
8:52 of 1st period - Wrist shot by Alex Belzile.
8:52 of 1st period - Stopped by Thatcher Demko without a rebound.
8:53 of 1st period - Daniel Zaar wins face-off versus Rhett Gardner in Canucks zone.
9:44 of 1st period - Slapshot by Juuso Riikola.
9:44 of 1st period - Stopped by Ivan Fedotov without a rebound.
9:45 of 1st period - Austin Watson wins face-off versus Tyler Graovac in Islander zone.
10:25 of 1st period - Wrist shot by Ryan Lomberg.
10:25 of 1st period - Shot Misses the Net.
10:53 of 1st period - Slapshot by Ben Thomson.
10:53 of 1st period - Shot Misses the Net.
11:05 of 1st period - Slapshot by Rhett Gardner.
11:05 of 1st period - Shot Blocked by Jean-Sebastien Dea.
11:21 of 1st period - Daniel Zaar is hit by Simon Benoit.
11:50 of 1st period - Snap shot by William Lockwood.
11:50 of 1st period - Stopped by Ivan Fedotov without a rebound.
11:51 of 1st period - Nicolas Petan wins face-off versus Joe Labate in Islander zone.
11:52 of 1st period - Wrist shot by Daniel Zaar.
11:52 of 1st period - Shot Misses the Net.
12:26 of 1st period - Slapshot by Oliver Kylington.
12:26 of 1st period - Deflect By Brett Connolly.
12:26 of 1st period - Stopped by Thatcher Demko without a rebound.
12:27 of 1st period - Nicolas Petan wins face-off versus Joe Labate in Canucks zone.
12:34 of 1st period - Slapshot by Juuso Riikola.
12:34 of 1st period - Stopped by Ivan Fedotov without a rebound.
12:35 of 1st period - Jordan Greenway wins face-off versus Nicolas Petan in Islander zone.
12:35 of 1st period - Jordan Greenway is hit by Daniel Zaar.
12:47 of 1st period - Slapshot by Daniel Zaar.
12:47 of 1st period - Shot Misses the Net.
12:55 of 1st period - Snap shot by Daniel Zaar.
12:55 of 1st period - Stopped by Ivan Fedotov without a rebound.
12:56 of 1st period - Rhett Gardner wins face-off versus Jean-Sebastien Dea in Islander zone.
13:21 of 1st period - Austin Watson is hit by Daniel Zaar and loses puck.
13:28 of 1st period - Wrist shot by Daniel Zaar.
13:28 of 1st period - Stopped by Ivan Fedotov with a rebound.
13:46 of 1st period - Nick Blankenburg is hit by Mackenzie MacEachern and loses puck.
13:55 of 1st period - Wrist shot by Lane Pederson.
13:55 of 1st period - Deflect By William Lockwood.
13:55 of 1st period - Stopped by Ivan Fedotov without a rebound.
13:56 of 1st period - Nicolas Petan wins face-off versus Rhett Gardner in Islander zone.
14:06 of 1st period - Minor Penalty to Simon Benoit for Holding.
14:07 of 1st period - Nicolas Petan wins face-off versus Jordan Greenway in Islander zone.
16:04 of 1st period - Oliver Kylington is hit by Juho Lammikko.
16:06 of 1st period - Penalty to Simon Benoit is over, Simon Benoit is back on ice.
16:32 of 1st period - Snap shot by Filip Zadina.
16:32 of 1st period - Shot Misses the Net.
16:52 of 1st period - William Lockwood is hit by Rhett Gardner and loses puck.
17:07 of 1st period - William Lockwood is hit by Nick Blankenburg and loses puck.
17:31 of 1st period - Slapshot by Mackenzie MacEachern.
17:31 of 1st period - Shot Misses the Net.
17:47 of 1st period - Oliver Kylington is hit by Ryan Lomberg and loses puck.
19:04 of 1st period - Ross Colton is hit by Juho Lammikko and loses puck.
19:43 of 1st period - Dan Renouf is hit by Slater Koekkoek and loses puck.
Goals for this period are 1 for Islander vs 0 for Canucks.
Shots for this period are 6 for Islander vs 10 for Canucks.
2nd period
0:01 of 2nd period - Joe Labate wins face-off versus Nicolas Petan in neutral zone.
1:12 of 2nd period - Slapshot by Daniel Zaar.
1:12 of 2nd period - Deflect By Nicolas Petan.
1:12 of 2nd period - Shot Misses the Net.
1:12 of 2nd period - Puck is out of play.
1:13 of 2nd period - Brett Connolly wins face-off versus Nicolas Petan in Islander zone.
1:26 of 2nd period - Snap shot by Nicolas Petan.
1:26 of 2nd period - Shot Blocked by Simon Benoit.
1:28 of 2nd period - Slapshot by Dan Renouf.
1:28 of 2nd period - Stopped by Ivan Fedotov without a rebound.
1:29 of 2nd period - Nicolas Petan wins face-off versus Joe Labate in Islander zone.
1:30 of 2nd period - Wrist shot by Daniel Zaar.
1:30 of 2nd period - Stopped by Ivan Fedotov with a rebound.
1:52 of 2nd period - Jean-Sebastien Dea is hit by Slater Koekkoek and loses puck.
2:17 of 2nd period - Snap shot by Juho Lammikko.
2:17 of 2nd period - Stopped by Ivan Fedotov with a rebound.
2:19 of 2nd period - Wrist shot by Adam Ollas-Mattsson.
2:19 of 2nd period - Shot Blocked by Nick Blankenburg.
2:57 of 2nd period - Austin Watson is hit by Scott Harrington and loses puck.
3:06 of 2nd period - Snap shot by Mackenzie MacEachern.
3:06 of 2nd period - Stopped by Ivan Fedotov without a rebound.
3:07 of 2nd period - Rhett Gardner wins face-off versus Nicolas Petan in Islander zone.
3:20 of 2nd period - Slapshot by Oliver Kylington.
3:20 of 2nd period - Stopped by Thatcher Demko with a rebound.
3:22 of 2nd period - Snap shot by Ben Thomson.
3:22 of 2nd period - Shot Misses the Net.
3:32 of 2nd period - Snap shot by Ryan Lomberg.
3:32 of 2nd period - Shot Blocked by Oliver Kylington.
3:35 of 2nd period - Icing by Joe Labate.
3:36 of 2nd period - Jean-Sebastien Dea wins face-off versus Austin Watson in Islander zone.
3:39 of 2nd period - Wrist shot by Jean-Sebastien Dea.
3:39 of 2nd period - Shot Misses the Net.
4:03 of 2nd period - Austin Watson is hit by Daniel Zaar and loses puck.
4:39 of 2nd period - Backhand shot by Jordan Greenway.
4:39 of 2nd period - Shot Blocked by Juuso Riikola.
4:41 of 2nd period - Minor Penalty to Juuso Riikola for Delaying the game.
4:42 of 2nd period - Rhett Gardner wins face-off versus Nicolas Petan in Canucks zone.
4:47 of 2nd period - Slapshot by Oliver Kylington.
4:47 of 2nd period - Deflect By Alex Belzile.
4:47 of 2nd period - Shot Blocked by Nicolas Petan.
4:47 of 2nd period - Puck is out of play.
4:48 of 2nd period - Nicolas Petan wins face-off versus Rhett Gardner in Canucks zone.
5:15 of 2nd period - Slapshot by Oliver Kylington.
5:15 of 2nd period - Shot Misses the Net.
5:17 of 2nd period - Snap shot by Ben Thomson.
5:17 of 2nd period - Deflect By Alex Belzile.
5:17 of 2nd period - Stopped by Thatcher Demko without a rebound.
5:18 of 2nd period - Nicolas Petan wins face-off versus Joe Labate in Canucks zone.
6:10 of 2nd period - Austin Watson is hit by Ryan Lomberg and loses puck.
6:41 of 2nd period - Penalty to Juuso Riikola is over, Juuso Riikola is back on ice.
6:55 of 2nd period - Snap shot by Tyler Graovac.
6:55 of 2nd period - Shot Blocked by Tyrell Goulbourne.
6:57 of 2nd period - Slapshot by Adam Ollas-Mattsson.
6:57 of 2nd period - Stopped by Ivan Fedotov without a rebound.
6:58 of 2nd period - Connor Dewar wins face-off versus Jean-Sebastien Dea in Islander zone.
7:22 of 2nd period - Oliver Kylington is hit by Juho Lammikko and loses puck.
7:47 of 2nd period - Oliver Kylington is hit by Nicolas Petan and loses puck.
8:02 of 2nd period - Snap shot by Phil Di Giuseppe.
8:02 of 2nd period - Stopped by Ivan Fedotov without a rebound.
8:03 of 2nd period - Jean-Sebastien Dea wins face-off versus Joe Labate in Islander zone.
8:58 of 2nd period - Garret Pilon is hit by Juuso Riikola and loses puck.
9:06 of 2nd period - Icing by Alexander Yelesin.
9:07 of 2nd period - Lane Pederson wins face-off versus Connor Dewar in Islander zone.
9:18 of 2nd period - Wrist shot by Lane Pederson.
9:18 of 2nd period - Stopped by Ivan Fedotov without a rebound.
9:19 of 2nd period - Joe Labate wins face-off versus Nicolas Petan in Islander zone.
9:24 of 2nd period - Wrist shot by Slater Koekkoek.
9:24 of 2nd period - Stopped by Thatcher Demko with a rebound.
9:30 of 2nd period - Snap shot by Nicolas Petan.
9:30 of 2nd period - Shot Blocked by Oliver Kylington.
9:48 of 2nd period - Slapshot by Juho Lammikko.
9:48 of 2nd period - Goal by Juho Lammikko - Islander : 1 - Canucks : 1.
9:49 of 2nd period - Nicolas Petan wins face-off versus Joe Labate in neutral zone.
10:57 of 2nd period - Wrist shot by Juho Lammikko.
10:57 of 2nd period - Stopped by Ivan Fedotov with a rebound.
11:03 of 2nd period - Wrist shot by Juho Lammikko.
11:03 of 2nd period - Stopped by Ivan Fedotov with a rebound.
11:05 of 2nd period - Snap shot by Trevor Moore.
11:05 of 2nd period - Goal by Trevor Moore - Islander : 1 - Canucks : 2.
11:06 of 2nd period - Nicolas Petan wins face-off versus Joe Labate in neutral zone.
11:40 of 2nd period - Wrist shot by Alex Belzile.
11:40 of 2nd period - Stopped by Thatcher Demko without a rebound.
11:41 of 2nd period - Rhett Gardner wins face-off versus Jean-Sebastien Dea in Canucks zone.
11:44 of 2nd period - Slapshot by Ben Thomson.
11:44 of 2nd period - Shot Misses the Net.
11:46 of 2nd period - Wrist shot by Alex Belzile.
11:46 of 2nd period - Stopped by Thatcher Demko with a rebound.
11:48 of 2nd period - Snap shot by Rhett Gardner.
11:48 of 2nd period - Stopped by Thatcher Demko with a rebound.
12:25 of 2nd period - Snap shot by Garret Pilon.
12:25 of 2nd period - Deflect By Brett Connolly.
12:25 of 2nd period - Shot Blocked by Adam Ollas-Mattsson.
12:25 of 2nd period - Puck is out of play.
12:26 of 2nd period - Garret Pilon wins face-off versus Tyler Graovac in Canucks zone.
12:27 of 2nd period - Slapshot by Tyrell Goulbourne.
12:27 of 2nd period - Stopped by Thatcher Demko with a rebound.
12:29 of 2nd period - Wrist shot by Garret Pilon.
12:29 of 2nd period - Stopped by Thatcher Demko with a rebound.
12:51 of 2nd period - Jakub Galvas is hit by Juuso Riikola and loses puck.
13:41 of 2nd period - Wrist shot by Filip Zadina.
13:41 of 2nd period - Stopped by Thatcher Demko with a rebound.
13:43 of 2nd period - Snap shot by Slater Koekkoek.
13:43 of 2nd period - Stopped by Thatcher Demko without a rebound.
13:44 of 2nd period - Daniel Zaar wins face-off versus Joe Labate in Canucks zone.
13:49 of 2nd period - Slapshot by Juuso Riikola.
13:49 of 2nd period - Stopped by Ivan Fedotov with a rebound.
13:51 of 2nd period - Snap shot by Ryan Lomberg.
13:51 of 2nd period - Stopped by Ivan Fedotov with a rebound.
14:09 of 2nd period - Jean-Sebastien Dea is hit by Rhett Gardner and loses puck.
14:16 of 2nd period - Slapshot by Alex Belzile.
14:16 of 2nd period - Shot Blocked by Juuso Riikola.
14:20 of 2nd period - Snap shot by Rhett Gardner.
14:20 of 2nd period - Shot Misses the Net.
14:22 of 2nd period - Snap shot by Alex Belzile.
14:22 of 2nd period - Deflect By Rhett Gardner.
14:22 of 2nd period - Stopped by Thatcher Demko with a rebound.
14:56 of 2nd period - Slapshot by Ross Colton.
14:56 of 2nd period - Stopped by Thatcher Demko with a rebound.
14:58 of 2nd period - Backhand shot by Ross Colton.
14:58 of 2nd period - Shot Misses the Net.
15:00 of 2nd period - Slapshot by Jakub Galvas.
15:00 of 2nd period - Shot Misses the Net.
15:02 of 2nd period - Backhand shot by Connor Dewar.
15:02 of 2nd period - Shot Misses the Net.
15:04 of 2nd period - Snap shot by Filip Zadina.
15:04 of 2nd period - Shot Misses the Net.
15:10 of 2nd period - Minor Penalty to Ryan Lomberg for High sticking.
15:11 of 2nd period - Joe Labate wins face-off versus Jean-Sebastien Dea in Canucks zone.
15:14 of 2nd period - Wrist shot by Jordan Greenway.
15:14 of 2nd period - Shot Misses the Net.
15:16 of 2nd period - Wrist shot by Jordan Greenway.
15:16 of 2nd period - Deflect By Austin Watson.
15:16 of 2nd period - Shot Misses the Net.
15:16 of 2nd period - Puck is out of play.
15:17 of 2nd period - Nicolas Petan wins face-off versus Austin Watson in Canucks zone.
16:09 of 2nd period - Wrist shot by Jordan Greenway.
16:09 of 2nd period - Shot Misses the Net.
16:11 of 2nd period - Wrist shot by Joe Labate.
16:11 of 2nd period - Goal by Joe Labate - Islander : 2 - Canucks : 2.
16:12 of 2nd period - Nicolas Petan wins face-off versus Rhett Gardner in neutral zone.
16:21 of 2nd period - Snap shot by Daniel Zaar.
16:21 of 2nd period - Shot Misses the Net.
16:55 of 2nd period - Snap shot by Brett Connolly.
16:55 of 2nd period - Stopped by Thatcher Demko with a rebound.
17:05 of 2nd period - Snap shot by Daniel Zaar.
17:05 of 2nd period - Stopped by Ivan Fedotov without a rebound.
17:06 of 2nd period - Jean-Sebastien Dea wins face-off versus Joe Labate in Islander zone.
17:15 of 2nd period - Wrist shot by Phil Di Giuseppe.
17:15 of 2nd period - Shot Hit the Post.
17:31 of 2nd period - Rhett Gardner is hit by Mackenzie MacEachern and loses puck.
17:42 of 2nd period - Dan Renouf is hit by Oliver Kylington and loses puck.
17:55 of 2nd period - Backhand shot by Tyrell Goulbourne.
17:55 of 2nd period - Goal by Tyrell Goulbourne - Islander : 3 - Canucks : 2.
17:56 of 2nd period - Nicolas Petan wins face-off versus Joe Labate in neutral zone.
18:31 of 2nd period - Slater Koekkoek is hit by Phil Di Giuseppe and loses puck.
19:36 of 2nd period - Minor Penalty to Mackenzie MacEachern for Slashing.
19:37 of 2nd period - Nicolas Petan wins face-off versus Joe Labate in Canucks zone.
19:48 of 2nd period - Austin Watson is hit by Adam Ollas-Mattsson and loses puck.
Goals for this period are 2 for Islander vs 2 for Canucks.
Shots for this period are 15 for Islander vs 14 for Canucks.
3rd period
0:01 of 3rd period - Nicolas Petan wins face-off versus Joe Labate in neutral zone.
1:36 of 3rd period - Penalty to Mackenzie MacEachern is over, Mackenzie MacEachern is back on ice.
1:39 of 3rd period - Scott Harrington is hit by Garret Pilon and loses puck.
1:46 of 3rd period - Slapshot by Tyrell Goulbourne.
1:46 of 3rd period - Deflect By Brett Connolly.
1:46 of 3rd period - Shot Blocked by Juuso Riikola.
1:46 of 3rd period - Juuso Riikola from Canucks is injured at 1:46 of 3rd period (Bruised Left Arm).
1:47 of 3rd period - Nicolas Petan wins face-off versus Joe Labate in Canucks zone.
1:52 of 3rd period - Backhand shot by Jordan Greenway.
1:52 of 3rd period - Stopped by Thatcher Demko without a rebound.
1:53 of 3rd period - Joe Labate wins face-off versus Nicolas Petan in Canucks zone.
1:57 of 3rd period - Minor Penalty to Nicolas Petan for Tripping.
1:58 of 3rd period - Joe Labate wins face-off versus Jean-Sebastien Dea in Canucks zone.
2:11 of 3rd period - Off-side.
2:12 of 3rd period - Joe Labate wins face-off versus Jean-Sebastien Dea in neutral zone.
2:48 of 3rd period - Slapshot by Oliver Kylington.
2:48 of 3rd period - Shot Misses the Net.
3:57 of 3rd period - Penalty to Nicolas Petan is over, Nicolas Petan is back on ice.
4:10 of 3rd period - Wrist shot by Juho Lammikko.
4:10 of 3rd period - Deflect By Tyler Graovac.
4:10 of 3rd period - Canucks goal is going for a video replay.
4:10 of 3rd period - The goal is refused. The attacking player has interfered with a goalkeeper in his goal crease..
4:11 of 3rd period - Tyler Graovac wins face-off versus Garret Pilon in Islander zone.
4:20 of 3rd period - Wrist shot by Tyler Graovac.
4:20 of 3rd period - Stopped by Ivan Fedotov with a rebound.
4:22 of 3rd period - Snap shot by Tyler Graovac.
4:22 of 3rd period - Stopped by Ivan Fedotov without a rebound.
4:23 of 3rd period - Rhett Gardner wins face-off versus Nicolas Petan in Islander zone.
4:32 of 3rd period - Snap shot by Alex Belzile.
4:32 of 3rd period - Shot Blocked by Nicolas Petan.
4:34 of 3rd period - Slapshot by Alex Belzile.
4:34 of 3rd period - Stopped by Thatcher Demko without a rebound.
4:35 of 3rd period - Nicolas Petan wins face-off versus Joe Labate in Canucks zone.
5:09 of 3rd period - Slapshot by Curtis Lazar.
5:09 of 3rd period - Shot Misses the Net.
5:20 of 3rd period - Icing by Jean-Sebastien Dea.
5:21 of 3rd period - Garret Pilon wins face-off versus Jean-Sebastien Dea in Canucks zone.
5:53 of 3rd period - Snap shot by Joe Labate.
5:53 of 3rd period - Shot Blocked by Scott Harrington.
5:55 of 3rd period - Wrist shot by Austin Watson.
5:55 of 3rd period - Stopped by Thatcher Demko without a rebound.
5:56 of 3rd period - Nicolas Petan wins face-off versus Rhett Gardner in Canucks zone.
6:07 of 3rd period - William Lagesson is hit by Ben Thomson.
6:11 of 3rd period - Rhett Gardner is hit by Daniil Miromanov and loses puck.
7:00 of 3rd period - Wrist shot by Austin Watson.
7:00 of 3rd period - Stopped by Thatcher Demko with a rebound.
7:02 of 3rd period - Backhand shot by Oliver Kylington.
7:02 of 3rd period - Deflect By Joe Labate.
7:02 of 3rd period - Stopped by Thatcher Demko with a rebound.
7:12 of 3rd period - Filip Zadina is hit by Daniel Zaar and loses puck.
7:19 of 3rd period - Wrist shot by Daniel Zaar.
7:19 of 3rd period - Stopped by Ivan Fedotov with a rebound.
7:29 of 3rd period - Daniel Zaar is hit by Filip Zadina and loses puck.
7:44 of 3rd period - Wrist shot by Ryan Lomberg.
7:44 of 3rd period - Shot Misses the Net.
7:48 of 3rd period - Snap shot by Daniel Zaar.
7:48 of 3rd period - Shot Misses the Net.
7:50 of 3rd period - Wrist shot by Ryan Lomberg.
7:50 of 3rd period - Stopped by Ivan Fedotov without a rebound.
7:51 of 3rd period - Jean-Sebastien Dea wins face-off versus Joe Labate in Islander zone.
8:04 of 3rd period - Snap shot by Phil Di Giuseppe.
8:04 of 3rd period - Goal by Phil Di Giuseppe - Islander : 3 - Canucks : 3.
8:05 of 3rd period - Joe Labate wins face-off versus Nicolas Petan in neutral zone.
8:41 of 3rd period - Slapshot by Phil Di Giuseppe.
8:41 of 3rd period - Shot Blocked by Alexander Yelesin.
8:51 of 3rd period - Snap shot by William Lockwood.
8:51 of 3rd period - Stopped by Ivan Fedotov with a rebound.
8:55 of 3rd period - Snap shot by Mackenzie MacEachern.
8:55 of 3rd period - Stopped by Ivan Fedotov with a rebound.
8:57 of 3rd period - Snap shot by Dan Renouf.
8:57 of 3rd period - Stopped by Ivan Fedotov without a rebound.
8:58 of 3rd period - Garret Pilon wins face-off versus Lane Pederson in Islander zone.
9:17 of 3rd period - Snap shot by Lane Pederson.
9:17 of 3rd period - Stopped by Ivan Fedotov with a rebound.
9:37 of 3rd period - Garret Pilon is hit by Lane Pederson and loses puck.
9:42 of 3rd period - Slapshot by Mackenzie MacEachern.
9:42 of 3rd period - Shot Blocked by Slater Koekkoek.
9:46 of 3rd period - Wrist shot by Mackenzie MacEachern.
9:46 of 3rd period - Shot Misses the Net.
9:48 of 3rd period - Snap shot by Mackenzie MacEachern.
9:48 of 3rd period - Deflect By William Lockwood.
9:48 of 3rd period - Deflect By Brett Connolly.
9:48 of 3rd period - Shot Misses the Net.
9:48 of 3rd period - Puck is out of play.
9:49 of 3rd period - Nicolas Petan wins face-off versus Joe Labate in Islander zone.
9:59 of 3rd period - Wrist shot by Nicolas Petan.
9:59 of 3rd period - Stopped by Ivan Fedotov without a rebound.
10:00 of 3rd period - Nicolas Petan wins face-off versus Joe Labate in Islander zone.
10:16 of 3rd period - Nick Blankenburg is hit by Adam Ollas-Mattsson and loses puck.
10:53 of 3rd period - Snap shot by Filip Zadina.
10:53 of 3rd period - Stopped by Thatcher Demko with a rebound.
10:55 of 3rd period - Slapshot by Alexander Yelesin.
10:55 of 3rd period - Deflect By Filip Zadina.
10:55 of 3rd period - Goal by Filip Zadina - Islander : 4 - Canucks : 3.
10:56 of 3rd period - Nicolas Petan wins face-off versus Joe Labate in neutral zone.
12:24 of 3rd period - William Lockwood is hit by Joe Labate and loses puck.
12:31 of 3rd period - Jordan Greenway is hit by Lane Pederson and loses puck.
12:46 of 3rd period - Simon Benoit is hit by Tyler Graovac and loses puck.
12:55 of 3rd period - Jakub Galvas is hit by Tyler Graovac.
13:11 of 3rd period - Ryan Lomberg is hit by Ross Colton and loses puck.
13:20 of 3rd period - Nicolas Petan is hit by Oliver Kylington and loses puck.
15:00 of 3rd period - Snap shot by Jordan Greenway.
15:00 of 3rd period - Deflect By Austin Watson.
15:00 of 3rd period - Shot Misses the Net.
15:00 of 3rd period - Puck is out of play.
15:01 of 3rd period - Jean-Sebastien Dea wins face-off versus Austin Watson in Canucks zone.
15:49 of 3rd period - Scott Harrington is hit by Jakub Galvas and loses puck.
15:54 of 3rd period - Wrist shot by Ross Colton.
15:54 of 3rd period - Stopped by Thatcher Demko with a rebound.
16:16 of 3rd period - Snap shot by Trevor Moore.
16:16 of 3rd period - Stopped by Ivan Fedotov without a rebound.
16:17 of 3rd period - Joe Labate wins face-off versus Nicolas Petan in Islander zone.
16:26 of 3rd period - Snap shot by Austin Watson.
16:26 of 3rd period - Shot Misses the Net.
16:28 of 3rd period - Slapshot by Alexander Yelesin.
16:28 of 3rd period - Deflect By Dan Renouf.
16:28 of 3rd period - Stopped by Thatcher Demko without a rebound.
16:29 of 3rd period - Nicolas Petan wins face-off versus Joe Labate in Canucks zone.
16:37 of 3rd period - Minor Penalty to Adam Ollas-Mattsson for Slashing.
16:38 of 3rd period - Nicolas Petan wins face-off versus Joe Labate in Canucks zone.
17:14 of 3rd period - Wrist shot by Rhett Gardner.
17:14 of 3rd period - Shot Misses the Net.
17:16 of 3rd period - Slapshot by Alexander Yelesin.
17:16 of 3rd period - Stopped by Thatcher Demko without a rebound.
17:17 of 3rd period - Jordan Greenway wins face-off versus Jean-Sebastien Dea in Canucks zone.
17:24 of 3rd period - Slapshot by Jordan Greenway.
17:24 of 3rd period - Stopped by Thatcher Demko with a rebound.
17:26 of 3rd period - Slapshot by Slater Koekkoek.
17:26 of 3rd period - Shot Misses the Net.
17:28 of 3rd period - Wrist shot by Joe Labate.
17:28 of 3rd period - Goal by Joe Labate - Islander : 5 - Canucks : 3.
17:29 of 3rd period - Nicolas Petan wins face-off versus Garret Pilon in neutral zone.
17:54 of 3rd period - Austin Watson is hit by Curtis Lazar and loses puck.
18:25 of 3rd period - Curtis Lazar is hit by Ross Colton and loses puck.
19:12 of 3rd period - Slapshot by Nick Blankenburg.
19:12 of 3rd period - Shot Blocked by Adam Ollas-Mattsson.
19:47 of 3rd period - Wrist shot by Alex Belzile.
19:47 of 3rd period - Stopped by Thatcher Demko without a rebound.
19:48 of 3rd period - Daniel Zaar wins face-off versus Joe Labate in Canucks zone.
Goals for this period are 2 for Islander vs 1 for Canucks.
Shots for this period are 13 for Islander vs 12 for Canucks.